 Dungeon Crawl Stone Soup version 0.24.0-37-gcf1ca852f1 (webtiles) character file.

Game seed: 13452614295498792090, levelgen mode: deterministic

41 sankara the Poker (level 3, -3/30 HPs)
             Began as a Hill Orc Warper on Dec 5, 2019.
             Killed from afar by an orc wizard (9 damage)
             ... with a puff of flame
             ... on level 2 of the Dungeon.
             The game lasted 00:06:02 (1845 turns).

sankara the Poker (Hill Orc Warper)                 Turns: 1845, Time: 00:06:02

Health: -3/30      AC:  5    Str: 14    XL:     3   Next: 52%
Magic:  5/5        EV: 11    Int: 13    God:
Gold:   14         SH:  0    Dex: 10    Spells: 1/5 levels left

rFire    . . .     SeeInvis .   a - +0 spear
rCold    . . .     Gourm    .   (no shield)
rNeg     . . .     Faith    .   s - +0 leather armour
rPois    .         Spirit   .   (no helmet)
rElec    .         Reflect  .   o - +1 cloak
rCorr    .         Harm     .   (no gloves)
MR       .....                  (no boots)
Stlth    +.........             (no amulet)
HPRegen  0.10/turn              (no ring)
MPRegen  0.09/turn              (no ring)

@: no status effects
A: no striking features
a: no special abilities


You were on level 2 of the Dungeon.
You were not hungry.

You visited 1 branch of the dungeon, and saw 2 of its levels.

You collected 14 gold pieces.

Inventory:

Hand Weapons
 a - a +0 spear (weapon)
 b - a +0 hunting sling
 c - a cursed +0 hand axe
 g - a +0 dagger
Missiles
 e - 5 boomerangs of dispersal (quivered)
 m - 11 stones
 v - 28 sling bullets
Armour
 j - a +0 shield
 o - a +1 cloak (worn)
 s - a +0 leather armour (worn)
Scrolls
 d - a scroll of blinking
 i - 2 scrolls of identify {unknown}
 l - a scroll of fear {unknown}
 p - 2 scrolls of amnesia {unknown}
Potions
 h - a potion of agility {unknown}
 k - 2 potions of curing {unknown}
 n - a potion of haste {unknown}
 q - a potion of ambrosia {unknown}
 r - a potion of cancellation {unknown}
 u - 2 potions of resistance {unknown}
Comestibles
 f - 5 rations
 t - 2 chunks of flesh


   Skills:
 + Level 2.6 Fighting
 * Level 4.1 Polearms
 - Level 0.8 Throwing
 - Level 1.1 Armour
 - Level 1.5 Dodging
 - Level 1.5 Spellcasting
 - Level 2.4 Translocations


You had one spell level left.
You knew the following spells:

 Your Spells              Type           Power        Failure   Level  Hunger
a - Shroud of Golubria    Chrm/Tloc      #.....       30%         2    ###....
b - Blink                 Tloc           N/A          19%         2    ###....

Your spell library contained the following spells:

 Spells                   Type           Power        Failure   Level  Hunger
 Gell's Gravitas          Tloc           #.........   36%         3    ####...
 Lesser Beckoning         Tloc           #.........   36%         3    ####...
 Teleport Other           Tloc           #.......     36%         3    ####...
 Passage of Golubria      Tloc           N/A          77%         4    #####..


Dungeon Overview and Level Annotations

Branches:
Dungeon (2/15)

Altars:


Message History

The orc shouts!
You hit the orc.
You kill the orc!
You barely miss the orc.
An orc wizard comes into view. It is wielding a +0 dagger.
The orc hits you but does no damage.
You hit the orc.
The orc is heavily wounded.
The orc misses you.
You hit the orc but do no damage.
The orc is heavily wounded.
The orc wizard casts a spell.
The orc wizard seems to speed up.
The orc hits you with a +0 club.
You are too injured to fight recklessly!
The orc wizard points at you and mumbles some strange words.
The puff of flame hits you!
* * * LOW HITPOINT WARNING * * *
The orc wizard points at you and mumbles some strange words.
The puff of flame hits you!
You die...

##...#######.#.#
##..÷.......#.#
#.########.#.#
#..# ##...# #)##
#....# ..
##.##.### ..#
#......... ###
#..##.####
#######@###.#
#.......###.###
#$.##..........#
#...o......#
#..†.......#
#..o.......#
######o.........#
#.oo...?........#
#.####...########


You could see an orc wizard and 2 orcs.

Vanquished Creatures
  A worm (D:1)
  2 dart slugs
  2 leopard geckos
  An orc (D:2)
  A bat (D:2)
  5 hobgoblins
  7 frilled lizards
  3 goblins
  8 kobolds
  3 rats (D:1)
33 creatures vanquished.

Notes
Turn   | Place    | Note
-------+----------+-------------------------------------------
     0 | D:1      | sankara the Hill Orc Warper began the quest for the Orb.
     0 | D:1      | Reached XP level 1. HP: 18/18 MP: 3/3
   284 | D:1      | Reached skill level 3 in Polearms
   284 | D:1      | Reached XP level 2. HP: 25/25 MP: 4/4
  1085 | D:1      | Reached XP level 3. HP: 23/30 MP: 5/5
  1568 | D:2      | Reached skill level 4 in Polearms
  1776 | D:2      | Learned a level 2 spell: Blink
  1779 | D:2      | Learned a level 2 spell: Shroud of Golubria
  1845 | D:2      | Killed from afar by an orc wizard

Levels and vault maps discovered:
D:1:      roderic_crop_circles_arrival_small, layout_basic, st_stairs_1,
          kennysheep_nondescript, amethyst_killhole, minmay_lizard_pond
D:2:      layout_rooms, nicolae_overflow_crystal_walls

Skill      XL: |  1  2  3 |
---------------+----------+-----
Polearms       | 3 4 |  4.1
Fighting       | |  2.6
Throwing       | |  0.8
Armour         | |  1.1
Dodging        | |  1.5
Spellcasting   | |  1.5
Translocations | |  2.4

Action                   || total
-------------------------++-------
Melee: Spear             ||   150
 Fire: Hunting sling     ||     7
 Stab: Sleeping          ||     1
  Eat: Chunk             ||     3
Armor: Leather armour    ||    18
Dodge: Dodged            ||    42
